 Dungeon Crawl Stone Soup version 0.23-a0-650-ga4d50d4d25 (webtiles) character file.

49651 Flugkiller the Basher (level 14, -7/72 HPs)
             Began as a Vine Stalker Chaos Knight on Jan 5, 2019.
             Was a Plaything of Xom.
             Mangled by a skeletal warrior
             ... wielding a +0 scimitar
             ... led by a skeletal warrior
              (12 damage)
             ... while paralysed by a skeletal warrior
             ... on level 13 of the Dungeon.
             The game lasted 00:44:14 (18188 turns).

Flugkiller the Basher (Vine Stalker Chaos Knight)  Turns: 18188, Time: 00:44:15

Health: -7/72      AC: 15    Str: 19    XL:     14   Next: 51%
Magic:  0/18       EV:  2    Int: 12    God:    Xom [*.....]
Gold:   1300       SH:  0    Dex: 19    Spells: 13/13 levels left

rFire    . . .     SeeInvis .   n - +9 eveningstar (drain)
rCold    + . .     Gourm    .   G - +0 shield
rNeg     . . .     Faith    .   B - +1 ring mail of Givecesh {+Fly Regen+ Slay+5} (curse)
rPois    +         Spirit   +   (no helmet)
rElec    +         Reflect  +   Q - +2 cloak
rCorr    .         Harm     .   P - +2 pair of gloves
MR       +....                  L - +2 pair of boots
Stlth    +.........             D - +3 amulet of reflection
HPRegen  1.42/turn              s - ring of protection from cold
MPRegen  0.16/turn              t - +2 ring of protection

@: paralysed, corroded, slowed, drained
A: fangs 3, talons 1, agile 1, mutation resistance 1, sense surroundings 2,
poison resistance, regeneration 2, electricity resistance, strong 1, wild magic
1, magic shield, antimagic bite, no potion heal 3, rot immunity, MP-powered
wands
a: Renounce Religion, Evoke Flight


You were on level 13 of the Dungeon.
You worshipped Xom.
You were a special plaything of Xom.
You were not hungry.

You visited 2 branches of the dungeon, and saw 19 of its levels.
You also visited: Sewer.

You collected 1300 gold pieces.

Inventory:

Hand Weapons
 n - a +9 eveningstar of draining (weapon)
   (You acquired it on level 13 of the Dungeon)
 S - a +0 quick blade
   (You found it on level 11 of the Dungeon)
Missiles
 b - a throwing net (quivered)
Armour
 B - the cursed +1 ring mail of Givecesh (worn) {+Fly Regen+ Slay+5}
   (You found it on level 6 of the Lair of Beasts)

   It affects your accuracy and damage with ranged weapons and melee attacks
   (+5).
   It lets you fly.
   It increases your rate of regeneration.
   It has a curse placed upon it.
 G - a +0 shield (worn)
   (You found it on level 7 of the Dungeon)
 L - a +2 pair of boots (worn)
   (You found it on level 6 of the Lair of Beasts)
 P - a +2 pair of gloves (worn)
   (You found it on level 9 of the Dungeon)
 Q - a +2 cloak (worn)
   (Xom gifted it to you on level 9 of the Dungeon)
 U - a +2 chain mail of magic resistance
   (You took it off an orc warrior on level 9 of the Dungeon)
Jewellery
 g - an uncursed ring of wizardry
   (You found it on level 1 of the Dungeon)
 h - an uncursed amulet of the acrobat {unknown}
   (You found it on level 7 of the Dungeon)
 s - a ring of protection from cold (left hand)
   (You found it on level 13 of the Dungeon)
 t - a +2 ring of protection (right hand)
   (You found it on level 4 of the Dungeon)
 D - a +3 amulet of reflection (around neck)
   (You found it on level 4 of the Dungeon)
 F - an uncursed ring of see invisible
   (You found it on level 6 of the Lair of Beasts)
Wands
 a - a wand of flame (23)
   (You found it on level 9 of the Dungeon)
 l - a wand of scattershot (1)
   (Xom gifted it to you on level 1 of the Dungeon)
 r - a wand of iceblast (11)
   (You found it on level 7 of the Dungeon)
 J - a wand of enslavement (5)
   (Xom gifted it to you on level 7 of the Dungeon)
 M - a wand of paralysis (15)
   (You found it on level 8 of the Dungeon)
 R - a wand of digging (4)
   (You took it off Grum on level 10 of the Dungeon)
 W - a wand of polymorph (22)
   (You found it on level 2 of the Lair of Beasts)
Scrolls
 d - 8 scrolls of remove curse
 e - 6 scrolls of teleportation
 f - 2 scrolls of magic mapping
 i - a scroll of enchant armour
 k - 2 scrolls of fog
 m - 6 scrolls of enchant weapon
 o - 3 scrolls of blinking
 p - 2 scrolls of amnesia
 y - 2 scrolls of immolation
 E - 2 scrolls of vulnerability
 V - a scroll of holy word {unknown}
 Z - 2 scrolls of summoning {unknown}
Potions
 j - 2 potions of mutation
 q - 4 potions of lignification
 u - 3 potions of might
 v - 5 potions of flight
 w - 3 potions of agility
 x - 5 potions of curing
 z - a potion of brilliance {unknown}
 A - a potion of haste
 H - 2 potions of magic
 K - a potion of resistance
 N - a potion of invisibility {unknown}
 O - a potion of cancellation {unknown}
 T - a potion of berserk rage {unknown}
Miscellaneous
 X - a phial of floods (inert)
   (You found it on level 2 of the Lair of Beasts)
 Y - a lightning rod (4/4)
   (You found it on level 12 of the Dungeon)
Comestibles
 c - 47 rations
 I - 10 chunks of flesh


   Skills:
 - Level 7.0(6.7) Fighting
 - Level 14.0(13.6) Maces & Flails
 + Level 6.8(6.4) Armour
 - Level 10.0(9.7) Dodging
 - Level 10.0(9.6) Shields
 - Level 5.0(4.7) Evocations


You had 13 spell levels left.
You didn't know any spells.
Your spell library contained the following spells:

 Spells                   Type           Power        Failure   Level  Hunger
 Animate Skeleton         Necr           N/A          78%         1    ##.....
 Beastly Appendage        Tmut           #.....       78%         1    ##.....
 Magic Dart               Conj           #...         78%         1    ##.....
 Pain                     Necr           #...         78%         1    ##.....
 Searing Ray              Conj           #.....       89%         2    ###....
 Sticks to Snakes         Tmut           #.......     89%         2    ###....
 Dazzling Spray           Conj/Hex       #.....       98%         3    ####...
 Regeneration             Chrm/Necr      #.........   98%         3    ####...
 Spider Form              Tmut/Pois      #.........   98%         3    ####...
 Vampiric Draining        Necr           #.........   98%         3    ####...
 Animate Dead             Necr           N/A          100%        4    #####..
 Force Lance              Conj/Tloc      #.......     100%        4    #####..
 Fulminant Prism          Conj/Hex       #.........   100%        4    #####..
 Ice Form                 Ice/Tmut       #.......     100%        4    #####..
 Iskenderun's Mystic Bla  Conj           #.......     100%        4    #####..
 Blade Hands              Tmut           #.........   100%        5    ######.


Dungeon Overview and Level Annotations

Branches:
Dungeon (13/15)            Temple (0/1) D:6            Lair (6/6) D:11
  Swamp (0/4) Lair:2        Snake (0/4) Lair:3        Slime (0/5) Lair:5
    Orc (0/2) D:9
 Vaults: D:13-14

Altars:
Cheibriados
Gozag
Hepliaklqana
Makhleb
Nemelex Xobeh
Ru
Sif Muna
Trog
Uskayaw
Vehumet
Wu Jian
Xom
Yredelemnul
Zin
The Shining One
Jiyva

Annotations:
D:7 1 runed door, hemabe's ghost, novice HuAr
D:9 2 transporters, exclusions: 2 floating eyes and 4 oklob plants
D:12 Frances
Lair:5 1 runed door
Lair:6 2 transporters, dondy's ghost, journeyman MiGl


Innate Abilities, Weirdness & Mutations

You have razor-sharp teeth.
You heal very quickly.
When hurt, damage is shared between your health and your magic reserves.
Your bite disrupts and absorbs the magic of your enemies.
Potions cannot restore your health.
You are immune to rotting.
You have sharp toenails.
You are agile. (Dex +2)
You are somewhat resistant to further mutation.
You passively map the area around you.
Your system is resistant to poisons. (rPois)
You are resistant to electric shocks. (rElec)
Your muscles are strong. (Str +2)
Your spells are a little harder to cast, but a little more powerful.
You expend magic power (3 MP) to strengthen your wands.


Message History

The hellwing misses you.
You thump the hellwing!
The hellwing is moderately wounded.
Something hits you! The crimson imp barely misses you.
You block the hellwing's attack. x2
You puncture something! You bite something. Something barely misses you.
You block the crimson imp's attack. You block the hellwing's attack.
The hellwing hits you but does no damage.
Unknown command.
You impale something!! You bite something. Something hits you.
The iron imp lashes its tail.
You miss something. You block something's attack.
You block the hellwing's attack.
The hellwing hits you but does no damage.
Unknown command.
You closely miss something. You bite something.
Reactivating autopickup.
You feel a bit more experienced. The hellwing misses you.
You block the hellwing's attack. Something hits you but does no damage.
Deactivating autopickup; reactivate with Ctrl-A.
You block the crimson imp's attack. Something hits you!
You see here a cursed -3 scimitar.
Unknown command.
Unknown command.
You completely miss something. Your bite misses something. Something hits you.
You feel drained. The crimson imp closely misses you. The hellwing misses you.
You puncture something! You bite something. You block something's attack.
The crimson imp blinks!
Something hits you!
* * * LOW HITPOINT WARNING * * *
You suddenly lose the ability to move!
The hellwing barely misses you. The hellwing hits you.
* * * LOW HITPOINT WARNING * * *
Something hits you!
* * * LOW HITPOINT WARNING * * *
Something hits you but does no damage.
You feel yourself slow down. The hellwing hits you!
* * * LOW HITPOINT WARNING * * *
The hellwing hits you but does no damage.
The hellwing hits you.
* * * LOW HITPOINT WARNING * * *
The hellwing hits you!
* * * LOW HITPOINT WARNING * * *
Something hits you!
You die...

, ########### ,, , , ,,
#.........# * , , *
#.........### , <
+.........§.#, ,, , , ,
#.........#§z......
#.....)...###...... , *
#......>..# ......, ,
######{#### ..... , #.#
##@§# * ##### #..*
#4.## ,* ####.#####
####5##### ,
.........###..5.....#
*** *
.......[.#..........#
,,
.........#.#...........
* **
.........#.#........###
* *
...........#........# .
......)).###........#
.#


You could see a hellwing, an iron imp and a crimson imp.

Vanquished Creatures
  Josephine (D:12)
  6 hydras
  A catoblepas (Lair:6)
  A two-headed ogre (D:9)
  A centaur warrior (D:13)
  A skeletal warrior (D:13)
  An unseen horror (D:8)
  A glowing orange brain (D:12)
  4 cyclopes
  A manticore (D:11)
  10 elephants
  A moth of wrath (Lair:1)
  3 black mambas
  A centaur zombie (D:7)
  A guardian serpent (shapeshifter) (D:13)
  3 komodo dragons
  13 spiny frogs
  2 rime drakes (Lair:2)
  An efreet (D:13)
  A harpy zombie (D:10)
  5 trolls
  4 polar bears (Lair:4)
  7 slime creatures (D:12)
  8 blink frogs
  11 hippogriffs
  Prince Ribbit (Lair:2)
  A shadow (D:11)
  5 wyverns
  A vampire (D:12)
  Eustachio (D:5)
  5 wraiths
  Sigmund (D:2)
  A human (D:11)
  19 yaks
  2 basilisks
  3 hogs (D:11)
  2 steam dragons
  2 hungry ghosts
  Grum (D:10)
  Menkaure (D:5)
  2 soldier ants
  An acid dragon (D:12)
  A swamp worm (Lair:2)
  5 porcupines
  8 water moccasins
  5 orc warriors
  A black bear (D:9)
  3 ice beasts
  3 sky beasts
  3 phantoms
  7 ogres
  14 wolves
  13 centaurs
  7 crocodiles
  14 bullfrogs
  3 big kobolds
  A gnoll sergeant (D:10)
  A water moccasin zombie (D:11)
  2 wyvern skeletons
  7 scorpions
  8 wights
  11 killer bees
  8 howler monkeys
  10 crimson imps
  3 hounds
  4 jellies
  10 orc priests
  2 centaur skeletons
  13 orc wizards
  2 bullfrog skeletons
  Terence (D:2)
  7 worker ants
  5 iguanas
  A killer bee zombie (D:8)
  A hound skeleton (D:11)
  3 worker ant zombies
  6 gnolls
  7 river rats
  12 adders
  2 shadow imps
  2 oozes
  An adder zombie (D:8)
  4 adder skeletons
  4 worms
  3 dart slugs
  4 leopard geckos
  73 orcs
  3 bats
  3 giant cockroaches
  6 goblins
  4 hobgoblins
  10 jackals
  16 kobolds
  7 quokkas
  3 ball pythons (Sewer)
  7 frilled lizards
  A quokka zombie (D:8)
  28 rats
  A fungus (Lair:6)
532 creatures vanquished.

Vanquished Creatures (collateral kills)
  Snorg (D:12)
  4 death yaks (Lair:6)
  A deep troll shaman (Lair:6)
  A lindwurm (Lair:6)
  5 elephants (Lair:6)
  A komodo dragon (Lair:2)
  A polar bear (Lair:6)
  A swamp worm (Lair:2)
  A black bear (Lair:6)
  A crocodile (Lair:6)
  A bullfrog (D:12)
  A bush (Lair:6)
  A plant (Lair:6)
20 creatures vanquished.

Vanquished Creatures (others)
  A komodo dragon (Lair:2)
  A water moccasin (Lair:2)
  11 fungi
13 creatures vanquished.

Grand Total: 565 creatures vanquished

Notes
Turn   | Place    | Note
-------+----------+-------------------------------------------
     0 | D:1      | Flugkiller the Vine Stalker Chaos Knight began the quest
                  | for the Orb.
     0 | D:1      | Reached XP level 1. HP: 11/11 MP: 2/2
    10 | D:1      | XOM: silly message
   131 | D:1      | XOM: harmless Conj miscast
   202 | D:1      | XOM: divination: magic mapping
   258 | D:1      | Reached skill level 3 in Maces & Flails
   260 | D:1      | Reached XP level 2. HP: 15/16 MP: 3/3
   862 | D:1      | XOM: divination: detect creatures
  1008 | D:2      | Reached XP level 3. HP: 19/19 MP: 4/4
  1043 | D:2      | XOM: harmless Summ miscast
  1167 | D:2      | XOM: harmless Summ miscast
  1168 | D:2      | Found a burning altar of Makhleb.
  1176 | D:2      | XOM: god gift: 27 stones
  1220 | D:2      | Reached skill level 4 in Maces & Flails
  1225 | D:2      | Noticed Sigmund
  1341 | D:1      | XOM: god gift: wand of scattershot (5)
  1652 | D:2      | XOM: give mutations
  1652 | D:2      | Gained mutation: You are resistant to electric shocks.
                  | (rElec) [Xom's grace]
  1652 | D:2      | Gained mutation: Your muscles are strong. (Str +2) [Xom's
                  | grace]
  1652 | D:2      | Gained mutation: Your mind is acute. (Int +2) [Xom's grace]
  1652 | D:2      | Gained mutation: You are partially covered in molten
                  | scales. (AC +2) [Xom's grace]
  1888 | D:1      | XOM: god gift: scroll labeled JOREOR TYAHEONK {god gift}
  1892 | D:1      | Identified a scroll of acquirement
  1893 | D:1      | WOW
  1912 | D:1      | XOM: give mutation
  1912 | D:1      | Gained mutation: Your mind is very acute. (Int +4) [Xom's
                  | grace]
  2009 | D:2      | Killed Sigmund
  2009 | D:2      | Reached skill level 5 in Maces & Flails
  2009 | D:2      | Gained mutation: Your natural rate of healing is unusually
                  | fast. [Vine Stalker growth]
  2009 | D:2      | Reached XP level 4. HP: 25/25 MP: 5/5
  2009 | D:2      | Reached XP level 5. HP: 29/29 MP: 6/6
  2292 | D:2      | Noticed Terence
  2318 | D:2      | Killed Terence
  2350 | D:2      | Reached XP level 6. HP: 27/33 MP: 4/7
  2519 | D:3      | Found a sacrificial altar of Ru.
  2530 | D:3      | XOM: polymorph bullfrog -> centaur
  2597 | D:3      | You fall through a shaft for 3 floors!
  2597 | D:6      | XOM: give mutations
  2597 | D:6      | Gained mutation: You have an increased reservoir of magic.
                  | (+10% MP) [Xom's grace]
  2597 | D:6      | Gained mutation: You expend magic power (3 MP) to
                  | strengthen your wands. [Xom's grace]
  2597 | D:6      | Gained mutation: You are robust. (+10% HP) [Xom's grace]
  2597 | D:6      | Gained mutation: You have large cloven feet. [Xom's grace]
  2665 | D:5      | Entered Level 5 of the Dungeon
  2781 | D:6      | Found a staircase to the Ecumenical Temple.
  2948 | D:6      | Reached XP level 7. HP: 30/41 MP: 8/8
  2985 | D:6      | Found a glowing drain.
  2997 | D:6      | XOM: potion effect (berserk rage)
  3003 | D:6      | Reached skill level 5 in Fighting
  3003 | D:6      | Reached skill level 6 in Maces & Flails
  3031 | Sewer    | Entered a sewer
  3185 | Sewer    | XOM: 1-stop teleportation journey
  3481 | Sewer    | XOM: confuse monster(s)
  3484 | Sewer    | Gained mutation: You have razor-sharp teeth. [Vine Stalker
                  | growth]
  3484 | Sewer    | Reached XP level 8. HP: 44/48 MP: 7/9
  3693 | D:5      | Noticed Menkaure
  3749 | D:6      | XOM: 1-stop teleportation journey
  3878 | D:6      | XOM: scenery: create altars
  3880 | D:6      | XOM: confuse monster(s)
  3928 | D:6      | XOM: give mutations
  3928 | D:6      | Gained mutation: You are agile. (Dex +2) [Xom's grace]
  3928 | D:6      | Gained mutation: You have a pair of small antennae on your
                  | head. [Xom's grace]
  3974 | D:5      | Reached skill level 7 in Maces & Flails
  4009 | D:6      | XOM: give mutation
  4009 | D:6      | Gained mutation: You are resistant to hostile enchantments.
                  | (MR+) [Xom's grace]
  4051 | D:5      | XOM: scenery: create altars
  4098 | D:4      | XOM: god gift: scale mail {god gift}
  4126 | D:4      | Found a snail-covered altar of Cheibriados.
  4225 | D:3      | XOM: harmless Summ miscast
  4286 | D:3      | Found a deep blue altar of Sif Muna.
  4449 | D:3      | Found an ornate altar of the Wu Jian Council.
  4602 | D:3      | Found a basalt altar of Yredelemnul.
  4604 | D:3      | Noticed a profane servitor
  4663 | D:3      | Found a glowing golden altar of the Shining One.
  4747 | D:3      | Found a hide-covered altar of Uskayaw.
  4826 | D:3      | Noticed an angel
  4961 | D:4      | Found a sparkling altar of Nemelex Xobeh.
  5195 | D:5      | XOM: harmless Ice miscast
  5200 | D:5      | Noticed Eustachio
  5214 | D:5      | XOM: smoke on damage
  5216 | D:5      | Killed Eustachio
  5250 | D:5      | XOM is BORED!
  5296 | D:5      | Found a radiant altar of Vehumet.
  5315 | D:5      | Killed Menkaure
  5315 | D:5      | Reached skill level 1 in Dodging
  5367 | D:5      | XOM: harmless Tmut miscast
  5411 | D:5      | Reached XP level 9. HP: 41/55 MP: 7/10
  5459 | D:5      | Reached skill level 8 in Maces & Flails
  5500 | D:5      | XOM: cast spell 'Monstrous Menagerie'
  5743 | D:6      | XOM: cleaving
  5754 | D:7      | XOM: scenery: create altars
  5934 | D:7      | Found a runed door.
  5988 | D:7      | XOM: god gift: wand of enslavement (5)
  6002 | D:7      | Reached skill level 1 in Shields
  6093 | D:7      | XOM: polymorph centaur -> worker ant
  6268 | D:7      | Reached skill level 9 in Maces & Flails
  6352 | D:7      | Noticed hemabe's ghost (novice HuAr)
  6376 | D:8      | XOM: enchant monster (bad)
  6397 | D:7      | XOM: mild Tmut miscast
  6539 | D:8      | XOM: noise
  6543 | D:8      | Reached skill level 5 in Dodging
  6613 | D:8      | Noticed a troll
  6623 | D:8      | Killed a troll
  6623 | D:8      | Reached XP level 10. HP: 55/60 MP: 10/12
  6640 | D:8      | XOM: enchant monster (bad)
  6644 | D:8      | XOM: noise
  6839 | D:8      | XOM: divination: detect creatures
  6945 | D:8      | XOM: smoke on damage
  7065 | D:8      | Killed an unseen horror
  7083 | D:8      | XOM: enchant monster (good)
  7141 | D:8      | XOM: smoke on damage
  7205 | D:8      | Found a hazy altar of Hepliaklqana.
  7267 | D:8      | Reached skill level 5 in Shields
  7289 | D:8      | XOM: divination: magic mapping
  7672 | D:9      | Found a bloodstained altar of Trog.
  7741 | D:9      | Reached skill level 10 in Maces & Flails
  7749 | D:9      | XOM: potion effect (invisibility)
  7906 | D:9      | Found a staircase to the Orcish Mines.
  7935 | D:9      | Reached XP level 11. HP: 57/63 MP: 13/13
  8004 | D:9      | Found an opulent altar of Gozag.
  8004 | D:9      | Found a glowing silver altar of Zin.
  8059 | D:9      | Paralysed by a floating eye for 2 turns
  8072 | D:9      | Noticed an oklob plant
  8072 | D:9      | Paralysed by a floating eye for 2 turns
  8075 | D:9      | XOM: harmless Summ miscast
  8083 | D:9      | Noticed a two-headed ogre
  8085 | D:9      | XOM: potion effect (brilliance)
  8096 | D:9      | Killed a two-headed ogre
  8175 | D:9      | Found a shimmering altar of Xom.
  8210 | D:9      | Found the +0 Maxwell's etheric cage {RegenMP+ *Contam rElec
                  | MP+4}
  8344 | D:9      | Noticed an oklob plant
  8381 | D:9      | Noticed a two-headed ogre
  8505 | D:9      | XOM: harmless Tloc miscast
  8666 | D:9      | XOM: give mutations
  8666 | D:9      | Gained mutation: Armour fits poorly on your strangely
                  | shaped body. [Xom's mischief]
  8666 | D:9      | Lost mutation: You are resistant to hostile enchantments.
                  | (MR+) [Xom's mischief]
  8666 | D:9      | Lost mutation: You are partially covered in molten scales.
                  | (AC +2) [Xom's mischief]
  8666 | D:9      | Gained mutation: Scrolls take you a little longer to read.
                  | [Xom's mischief]
  8694 | D:9      | Found a transporter.
  8694 | D:9      | Found a transporter.
  8721 | D:9      | Paralysed by a floating eye for 2 turns
  8724 | D:9      | Noticed an oklob plant
  8724 | D:9      | XOM: silly message
  8725 | D:9      | Noticed an oklob plant
  8726 | D:9      | Paralysed by a floating eye for 4 turns
  8831 | D:9      | XOM: god gift: runed cloak {god gift}
  8831 | D:9      | Paralysed by a floating eye for 4 turns
  8872 | D:9      | XOM: smoke on damage
  8948 | D:10     | Entered Level 10 of the Dungeon
  8951 | D:10     | XOM: stat loss: -1 Str (17/18)
  8953 | D:10     | XOM: summons 4 friendly demons
  9046 | D:10     | XOM: silly message
  9099 | D:10     | XOM: harmless Conj miscast
  9579 | D:10     | Noticed Grum
  9595 | D:10     | XOM: enchant monster (good)
  9606 | D:10     | XOM: potion effect (berserk rage)
  9618 | D:10     | Killed Grum
  9916 | D:10     | XOM: harmless Necr miscast
  9955 | D:11     | Noticed a five-headed hydra
  9965 | D:10     | XOM: summons friendly crimson imp
  9987 | D:10     | Killed a five-headed hydra
 10044 | D:11     | Noticed an eight-headed hydra
 10046 | D:11     | XOM: cast spell 'Summon Ice Beast'
 10056 | D:11     | Killed an eight-headed hydra
 10056 | D:11     | Reached skill level 11 in Maces & Flails
 10061 | D:11     | Noticed a cyclops
 10089 | D:10     | XOM: mild Conj miscast
 10143 | D:10     | Killed a cyclops
 10166 | D:11     | Noticed a cyclops
 10210 | D:11     | Killed a cyclops
 10251 | D:11     | XOM: potion effect (haste)
 10260 | D:11     | XOM: divination: detect creatures
 10279 | D:11     | XOM: cast spell 'Leda's Liquefaction'
 10315 | D:11     | XOM: harmless Fire miscast
 10397 | D:11     | Noticed a cyclops
 10404 | D:11     | XOM: silly message
 10407 | D:11     | Killed a cyclops
 10407 | D:11     | Gained mutation: You heal very quickly. [Vine Stalker
                  | growth]
 10407 | D:11     | Reached XP level 12. HP: 56/69 MP: 14/14
 10459 | D:11     | XOM: silly message
 10569 | D:11     | XOM: potion effect (haste)
 10584 | D:11     | XOM: potion effect (berserk rage)
 10614 | D:11     | Found a staircase to the Lair.
 10800 | D:11     | XOM: harmless Erth miscast
 10806 | D:11     | XOM: harmless Ice miscast
 10845 | D:11     | XOM: harmless Hex miscast
 11165 | Lair:1   | Entered Level 1 of the Lair of Beasts
 11165 | Lair:1   | Noticed a four-headed hydra
 11173 | D:11     | Killed a four-headed hydra
 11183 | D:11     | XOM: enchant monster (bad)
 11309 | Lair:1   | XOM: cast spell 'Summon Ice Beast'
 11311 | Lair:1   | XOM: mild Necr miscast
 11325 | Lair:1   | XOM: potion effect (brilliance)
 11326 | Lair:1   | XOM: divination: detect creatures
 11332 | Lair:1   | XOM: enchant monster (bad)
 11914 | Lair:1   | XOM: summons 1 hostile shadow creature
 11915 | Lair:1   | XOM: medium Hex miscast
 11986 | Lair:1   | XOM: harmless Fire miscast
 12017 | Lair:2   | XOM: give mutation
 12017 | Lair:2   | Lost mutation: You are robust. (+10% HP) [Xom's mischief]
 12050 | Lair:1   | XOM: polymorph komodo dragon -> moth of wrath
 12093 | Lair:1   | Reached skill level 12 in Maces & Flails
 12172 | Lair:2   | Noticed Prince Ribbit
 12182 | Lair:2   | XOM: harmless Summ miscast
 12187 | Lair:2   | XOM: confusion (+ monsters)
 12190 | Lair:2   | Killed Prince Ribbit
 12290 | Lair:2   | XOM: divine lightning
 12547 | Lair:2   | XOM: noise
 12643 | Lair:2   | XOM: noise
 12696 | Lair:2   | Noticed an eight-headed hydra
 12805 | Lair:2   | Killed an eight-headed hydra
 12805 | Lair:2   | Reached XP level 13. HP: 33/67 MP: 0/15
 12850 | Lair:2   | XOM: give mutations
 12850 | Lair:2   | Gained mutation: You passively map a small area around you.
                  | [Xom's grace]
 12850 | Lair:2   | Gained mutation: You have hoof-like feet. [Xom's grace]
 12850 | Lair:2   | Gained mutation: Your spells are a little harder to cast,
                  | but a little more powerful. [Xom's grace]
 12850 | Lair:2   | Gained mutation: You are partially covered in yellow
                  | scales. (AC +2) [Xom's grace]
 12917 | Lair:2   | XOM: swap monsters
 12977 | Lair:2   | XOM: confusion
 12985 | Lair:2   | XOM: swap monsters
 12997 | Lair:2   | XOM: summons 13 friendly demons
 13060 | Lair:2   | Found a staircase to the Swamp.
 13477 | Lair:3   | Found a staircase to the Snake Pit.
 13537 | Lair:3   | Reached skill level 10 in Dodging
 13546 | Lair:3   | XOM: give mutations
 13546 | Lair:3   | Lost mutation: Scrolls take you a little longer to read.
                  | [Xom's mischief]
 13546 | Lair:3   | Lost mutation: You are partially covered in yellow scales.
                  | (AC +2) [Xom's mischief]
 13546 | Lair:3   | Lost mutation: You have a pair of small antennae on your
                  | head. [Xom's mischief]
 13591 | Lair:3   | XOM: enchant monster (bad)
 13619 | Lair:3   | XOM: give mutations
 13619 | Lair:3   | Lost mutation: Your mind is very acute. (Int +4) [Xom's
                  | mischief]
 13619 | Lair:3   | Lost mutation: Armour fits poorly on your strangely shaped
                  | body. [Xom's mischief]
 13866 | Lair:4   | Reached skill level 10 in Shields
 13920 | Lair:4   | XOM: swap monsters
 14100 | Lair:4   | XOM: chaos cloud
 14183 | Lair:4   | XOM: give mutations
 14183 | Lair:4   | Lost mutation: You have an increased reservoir of magic.
                  | (+10% MP) [Xom's mischief]
 14183 | Lair:4   | Lost mutation: Your mind is acute. (Int +2) [Xom's
                  | mischief]
 14183 | Lair:4   | Lost mutation: You have hoof-like feet. [Xom's mischief]
 14183 | Lair:4   | Lost mutation: You have large cloven feet. [Xom's mischief]
 14335 | Lair:4   | XOM: mild Conj miscast
 14515 | Lair:5   | XOM: summons 13 friendly demons
 14540 | Lair:4   | XOM: repel stairs
 14597 | Lair:4   | XOM: noise
 14622 | Lair:4   | Reached skill level 13 in Maces & Flails
 14666 | Lair:4   | Reached skill level 1 in Evocations
 14720 | Lair:4   | XOM: noise
 14894 | Lair:5   | XOM: mild Tmut miscast
 14996 | Lair:5   | XOM: enchant monster (bad)
 15134 | Lair:5   | XOM: mild Air miscast
 15203 | Lair:5   | Found a runed door.
 15204 | Lair:5   | Found a viscous altar of Jiyva.
 15204 | Lair:5   | Noticed an azure jelly
 15204 | Lair:5   | Noticed an azure jelly
 15205 | Lair:5   | Noticed an azure jelly
 15275 | Lair:5   | Found a staircase to the Slime Pits.
 15281 | Lair:6   | Entered Level 6 of the Lair of Beasts
 15448 | Lair:6   | Found a transporter.
 15448 | Lair:6   | Noticed dondy's ghost (journeyman MiGl)
 15535 | Lair:6   | Found a transporter.
 15812 | Lair:6   | XOM: cast spell 'Summon Dragon'
 15934 | Lair:6   | Reached XP level 14. HP: 72/72 MP: 17/17
 15940 | Lair:6   | Reached skill level 5 in Armour
 16400 | Lair:6   | Got a bloodstained ring mail
 16405 | Lair:6   | Identified the cursed +1 ring mail of Givecesh {+Fly Regen+
                  | Slay+5} (You found it on level 6 of the Lair of Beasts)
 16664 | D:12     | XOM: harmless Fire miscast
 16690 | D:12     | Noticed Josephine
 16802 | D:11     | XOM: medium Fire miscast
 16833 | D:12     | Killed Josephine
 17020 | D:12     | Noticed Snorg
 17021 | D:12     | XOM: noise
 17049 | D:12     | Killed Snorg
 17049 | D:12     | Reached skill level 5 in Evocations
 17154 | D:12     | Noticed Frances
 17448 | D:12     | XOM: fog
 17536 | D:12     | XOM: polymorph slime creature -> glowing orange brain
 17551 | D:11     | XOM: god gift: ring mail {god gift}
 17838 | D:13     | XOM: 5-stop teleportation journey
 17856 | D:13     | XOM: give mutations
 17856 | D:13     | Gained mutation: Your system is resistant to poisons.
                  | (rPois) [Xom's grace]
 17856 | D:13     | Gained mutation: You passively map the area around you.
                  | [Xom's grace]
 17856 | D:13     | Gained mutation: You are somewhat resistant to further
                  | mutation. [Xom's grace]
 17856 | D:13     | Gained mutation: You have sharp toenails. [Xom's grace]
 17957 | D:13     | XOM: noise
 17961 | D:13     | Reached skill level 14 in Maces & Flails
 17974 | D:13     | fuck yeah
 18012 | D:13     | XOM: smoke on damage
 18157 | D:13     | XOM: harmless Erth miscast
 18161 | D:13     | XOM: chaos cloud
 18163 | D:13     | XOM: chaos upgrade
 18168 | D:13     | XOM: summons 7 hostile demons
 18186 | D:13     | Paralysed by something for 5 turns
 18188 | D:13     | Mangled by a skeletal warrior

Vault maps used:
D:1:      dpeg_arrival_round_c, kennysheep_nondescript,
          kennysheep_decorative_pillar
D:2:      lemuel_doored_altar, guppyfry_early_orc_mine, uniq_sigmund,
          uniq_terence
D:3:      grunt_temple_overflow_holy_war, nicolae_overflow_crystal_walls,
          lemuel_crystal_altar, lemuel_coloured_pillars_altar,
          lemuel_blue_sif_altar
D:4:      old_standard_altar, nemelex_xobeh_ov_fountains_minmay,
          hangedman_abyss_or_decor_passed
D:5:      minmay_angry_zag, kennysheep_little_box, first_ration, uniq_menkaure,
          uniq_eustachio
D:6:      minmay_temple_entry_ruins, portal_sewer_entry_c
D:7:      ebering_ghost_reflecting_pool, kennysheep_generic_room_9
D:8:      hangedman_cross_stitches, marbit_many_paths, serial_curves,
          eino_curves_02, eino_curves_02
D:9:      gammafunk_beogh_shrine, grunt_temple_overflow_gold_and_silver,
          lemuel_crystal_altar, hiddenorc2_lemuel, basic_altar, disabler_island
D:10:     uniq_grum
D:11:     erik_lair_dragon, grunt_livestock, minmay_sticks_and_stones
D:12:     serial_co_window_serial, co_window_paths_b, co_window_paths_a,
          co_window_corner_a, co_window_of_opportunity_a,
          co_window_of_opportunity_a, co_window_corner_cb, co_window_corner_b,
          co_window_corner_b, co_window_broadway_b, co_window_of_opportunity_b,
          co_window_of_opportunity_b, co_window_2corner, glass_columns_a,
          glass_columns_a, glass_columns_b, uniq_frances, uniq_josephine,
          uniq_snorg
D:13:     hangedman_vaults_entry_quadrant_bands
Lair:2:   palyth_hydra_swamp_entry, lemuel_fruit_tree, uniq_prince_ribbit2
Lair:3:   guppyfry_snake_entry_island, lemuel_fruit_fields,
          serial_bayou_shore_b, grunt_megastairs_1, serial_bayou_shore_b
Lair:4:   st_stairs_12, beast_lair_carwin_5, grunt_megastairs_4
Lair:5:   slime_altar_2, serial_bayou_pond_e
Lair:6:   grunt_lair_end_beastmaster, gammafunk_ghost_arena
Sewer:    sewer_minmay_treatment

Skill      XL: |  1  2  3  4  5  6  7  8  9 10 11 12 13 14 |
---------------+-------------------------------------------+-----
Maces & Flails | 3 5 6 7 9 10 11 12 13 14 | 14.0
Fighting       | 3 4 5 7 |  7.0
Dodging        | 2 5 6 8 9 10 | 10.0
Shields        | 3 5 7 9 10 | 10.0
Armour         | 4 6 |  6.8
Evocations     | 3 5 |  5.0

Action                   |  1- 3 |  4- 6 |  7- 9 | 10-12 | 13-15 || total
-------------------------+-------+-------+-------+-------+-------++-------
Melee: Mace              |    71 |    16 |       |       |       ||    87
       Bite              |    12 |    20 |   105 |   305 |   349 ||   791
       Morningstar       |       |    42 |   339 |       |       ||   381
       Kick              |       |     4 |   120 |   340 |    80 ||   544
       Flail             |       |       |    43 |   883 |   661 ||  1587
       Eveningstar       |       |       |       |       |    33 ||    33
Evoke: Wand              |     1 |     1 |       |    12 |     6 ||    20
       Phial of floods   |       |       |       |       |     1 ||     1
  Use: Scroll            |     8 |       |     9 |     8 |    14 ||    39
       Potion            |     1 |       |       |       |     1 ||     2
 Stab: Sleeping          |       |     2 |     8 |     3 |     2 ||    15
       Confused          |       |       |     2 |     1 |       ||     3
       Invisible         |       |       |       |    13 |       ||    13
       Distracted        |       |       |       |     1 |     2 ||     3
       Petrified         |       |       |       |       |     3 ||     3
       Petrifying        |       |       |       |       |     1 ||     1
  Eat: Chunk             |     2 |     4 |    11 |    15 |     8 ||    40
       Ration            |       |       |     1 |     2 |     3 ||     6
Armor: Leather armour    |    25 |    25 |    99 |       |       ||   149
       Steam dragon scal |       |       |    18 |   186 |   105 ||   309
       Ring mail         |       |       |       |       |    48 ||    48
Dodge: Dodged            |    43 |    27 |   201 |   341 |   315 ||   927
Block: Other             |       |       |    13 |       |       ||    13
       Shield            |       |       |    46 |   548 |   497 ||  1091
       Reflection        |       |       |     2 |    11 |     9 ||    22

Table legend:
 A = Non-vault XP
 B = Vault XP
 C = Vault XP percentage of total XP
 D = Non-vault monster count
 E = Vault monster count
 F = Vault count percentage of total count
                 A         B        C        D         E       F
            +---------+---------+-------+---------+---------+-------
      Total |   50297 |   20633 |  29.1 |     378 |     171 |  31.1
            +---------+---------+-------+---------+---------+-------
        D:1 |      22 |       0 |   0.0 |      12 |       0 |   0.0
        D:2 |      40 |     261 |  86.7 |       7 |       9 |  56.2
        D:3 |     161 |       0 |   0.0 |      15 |       0 |   0.0
        D:4 |     163 |       0 |   0.0 |      19 |       0 |   0.0
        D:5 |     501 |     490 |  49.4 |      16 |       5 |  23.8
        D:6 |     758 |      22 |   2.8 |      16 |       5 |  23.8
        D:7 |    1753 |      71 |   3.9 |      29 |       1 |   3.3
        D:8 |    2406 |    1022 |  29.8 |      34 |      10 |  22.7
        D:9 |    1927 |     483 |  20.0 |      19 |      32 |  62.7
       D:10 |    4254 |     417 |   8.9 |      42 |       3 |   6.7
       D:11 |    6612 |    3324 |  33.5 |      43 |      15 |  25.9
       D:12 |    5256 |    2128 |  28.8 |      30 |       3 |   9.1
       D:13 |    4231 |       0 |   0.0 |      16 |       0 |   0.0
     Lair:1 |    2277 |       0 |   0.0 |      15 |       0 |   0.0
     Lair:2 |    3779 |    3640 |  49.1 |      13 |      11 |  45.8
     Lair:3 |    2844 |     822 |  22.4 |      12 |       4 |  25.0
     Lair:4 |    7424 |    1805 |  19.6 |      17 |       8 |  32.0
     Lair:5 |    3121 |       0 |   0.0 |      13 |       0 |   0.0
     Lair:6 |    2768 |    5782 |  67.6 |      10 |      17 |  63.0
      Sewer |       0 |     366 | 100.0 |       0 |      48 | 100.0
            +---------+---------+-------+---------+---------+-------
